 Dungeon Sprint DCSS version 0.17-a0-1646-geb1493d (webtiles) character file.

1831 nuthulu the Thrower (level 8, 0/130 (132) HPs)
             Began as a Troll Hunter on Aug 10, 2015.
             Was a Follower of Trog.
             Slain by a polar bear (14 damage)
             ... in the Dungeon (Sprint II: "The Violet Keep of Menkaure").
             The game lasted 00:04:15 (592 turns).

nuthulu the Thrower (Troll Hunter)                   Turns: 592, Time: 00:04:15

HP:   0/130 (132)   AC:  5    Str: 26    XL:     8   Next: 86%
MP:   7/7           EV: 13    Int:  7    God:    Trog [*.....]
Gold: 382           SH:  0    Dex: 12    Spells: 0 memorised, 7 levels left

rFire  . . .     SeeInvis .       - Unarmed
rCold  . . .     Rnd*Rage +     d - +0 robe
rNeg   . . .     SustAt   .     (no shield)
rPois  .         Gourm    +     (helmet restricted)
rElec  .         Spirit   .     (no cloak)
rCorr  .         Warding  .     (gloves unavailable)
rMut   .         NoTele   +     (boots unavailable)
MR     .....                    (no amulet)
Stlth  ..........               (no ring)
                                (no ring)

@: berserking, very quick, not resistant to hostile enchantments, extremely
unstealthy
A: unfitting armour, claws 3, berserk 1, fast metabolism 3, gourmand,
regeneration 2, shaggy fur 1, tough skin 2
a: Burn Spellbooks, Berserk, Renounce Religion


You were in the Dungeon.
You worshipped Trog.
Trog was aware of your devotion.
You were very full.

You visited 1 branch You collected 486 gold pieces.
You spent 104 gold pieces at shops.

Inventory:

Armour
 d - a +0 robe (worn)
Scrolls
 k - a scroll of blinking
Potions
 f - a potion of curing
 g - 2 potions of heal wounds
 h - a potion of haste
 i - 2 potions of magic
Comestibles
 e - a bread ration


   Skills:
 + Level 7.7 Fighting
 + Level 9.1 Throwing
 + Level 7.4 Armour
 + Level 7.7 Dodging
 - Level 0.4 Stealth
 + Level 9.0 Unarmed Combat


You had 7 spell levels left.
You didn't know any spells.

Dungeon Overview and Level Annotations

Branches:
Dungeon (1/1)

Altars:
Cheibriados
Dithmenos
Elyvilon
Fedhas
Gozag
Kikubaaqudgha
Makhleb
Nemelex Xobeh
Okawaru
Qazlal
Ru
Sif Muna
Trog
Vehumet
Xom
Yredelemnul
Zin
The Shining One
Beogh
Jiyva
Lugonu

Shops:
D [%:!?*:[(?}=!=%[

Annotations:
D exclusion: oklob plant


Innate Abilities, Weirdness & Mutations

You are too large for most types of armour.
You have claws for hands.
Your metabolism is lightning-fast.
You like to eat raw meat.
You heal very quickly.
You are covered in fur (AC +1).
You have very tough skin (AC +2).
You tend to lose your temper in combat.


Message History

The polar bear claws you.
* * * LOW HITPOINT WARNING * * *
The polar bear barely misses you.
You eviscerate the polar bear!!!
You kill the polar bear!
Trog accepts your kill.
Your Throwing skill increases to level 9!
Your Unarmed Combat skill increases to level 9!
Unknown command.
You scratch the polar bear.
The polar bear is lightly wounded.
The polar bear closely misses you.
The polar bear claws you but does no damage.
The polar bear barely misses you.
You closely miss the polar bear.
The polar bear is lightly wounded.
You claw the polar bear!
The polar bear is heavily wounded.
The polar bear bites you!
You die...

####..##**#..#*.#*$?!![,,,**,,,*,
##.##..#,,+^.#,.#▓!$?%!$,,**,,,*,
#.#,#..#,,#..#,c#▓(!$[[(!,**,⌠,*,
†.#*+.§####..##.#▓$[)(%)",**,,,*,
#..##..÷.###...##▓▓▓▓▓▓▓+****+**,
##.##.§....≈≈≈≈≈≈≈≈≈≈≈≈≈,,,≈≈≈*,,
**##≈≈.....≈#(########+###,≈≈≈*,,
.#≈≈≈§≈≈§§.≈#(.h._...#§≈§##≈≈≈*,,
##≈≈≈§≈≈≈≈.≈#._(@._..#t§§§#******
#≈≈≈≈≈§≈≈≈≈≈#.._)_._.#§≈§§§**,,*,
≈≈≈≈≈≈≈≈≈≈≈≈#.⌠._._._#≈§≈§§≈*,,*,
++#≈≈≈§≈≈§§≈#.._._._.#≈§§≈§≈+,,+,
≈≈##≈≈§###§≈#..._._._#≈≈§≈§≈*,,*,
≈≈≈**≈≈*,#≈≈#...._._.#≈§§≈≈≈*,,*,
≈≈≈≈+≈≈*+#≈≈#....._._#≈§§§▓******
≈≈≈**≈≈≈≈≈≈≈##########≈§§§▓,,,≈≈≈
≈≈********###≈≈≈≈≈≈≈≈≈≈§§≈▓,,,≈≈≈


You could see a polar bear and a crocodile.

Vanquished Creatures
  A yaktaur (D)
  A polar bear (D)
  2 hippogriffs (D)
  Menkaure (D)
  A wasp (D)
  4 necrophages (D)
  A crocodile (D)
  4 brain worms (D)
15 creatures vanquished.

Vanquished Creatures (others)
  A polar bear (D)
1 creature vanquished.

Grand Total: 16 creatures vanquished

Notes
Turn   | Place    | Note
--------------------------------------------------------------
     0 | D        | nuthulu the Troll Hunter began the quest for the Orb.
     0 | D        | Reached XP level 1. HP: 19/19 MP: 0/0
     2 | D        | Noticed a hippogriff
     2 | D        | Noticed a hippogriff
    10 | D        | Killed a hippogriff
    10 | D        | Reached skill level 4 in Fighting
    10 | D        | Reached skill level 5 in Throwing
    10 | D        | Reached XP level 2. HP: 9/32 MP: 1/1
    10 | D        | Reached XP level 3. HP: 10/39 MP: 2/2
    10 | D        | Reached XP level 4. HP: 12/48 MP: 3/3
    10 | D        | Reached XP level 5. HP: 13/54 MP: 4/4
    16 | D        | Killed a hippogriff
    16 | D        | Reached skill level 6 in Throwing
    16 | D        | Reached skill level 5 in Unarmed Combat
    16 | D        | Reached XP level 6. HP: 5/65 MP: 5/5
   208 | D        | Noticed a necrophage
   208 | D        | Noticed a necrophage
   208 | D        | Noticed a necrophage
   208 | D        | Noticed a necrophage
   209 | D        | Killed a necrophage
   209 | D        | Reached skill level 5 in Fighting
   209 | D        | Reached skill level 5 in Dodging
   216 | D        | Killed a necrophage
   216 | D        | Reached skill level 7 in Throwing
   216 | D        | Reached skill level 5 in Armour
   222 | D        | Killed a necrophage
   222 | D        | Reached XP level 7. HP: 64/73 MP: 6/6
   227 | D        | Killed a necrophage
   255 | D        | Noticed a boulder beetle
   255 | D        | Noticed a boulder beetle
   258 | D        | Noticed a brain worm
   258 | D        | Noticed a brain worm
   258 | D        | Noticed a brain worm
   258 | D        | Noticed a brain worm
   265 | D        | Killed a brain worm
   271 | D        | Killed a brain worm
   272 | D        | Killed a brain worm
   276 | D        | Killed a brain worm
   276 | D        | Reached skill level 8 in Throwing
   293 | D        | Found Vidawez's Jewellery Emporium.
   293 | D        | Found Lest's Jewellery Emporium.
   293 | D        | Found Qorrac Ycakk's Antique Weapon Shoppe.
   293 | D        | Found Adisanti's Antique Armour Emporium.
   293 | D        | Found Useheuje's Gadget Shoppe.
   293 | D        | Found Teitt's Distillery.
   293 | D        | Found Zuyczit's Food Shoppe.
   294 | D        | Found Ifoexauj's Magic Scroll Emporium.
   294 | D        | Found Bathras's Armour Shoppe.
   295 | D        | Found Pys Yrph's Book Shoppe.
   295 | D        | Found Guabirph's Assorted Antiques.
   295 | D        | Noticed a hell hog
   297 | D        | Found Omo Pehu's Magic Scroll Emporium.
   297 | D        | Found Sijinus's Distillery.
   297 | D        | Noticed Menkaure
   297 | D        | Noticed a hell hog
   297 | D        | Noticed an oklob plant
   298 | D        | Found Toosulue's Food Shoppe.
   298 | D        | Found Gucyneh's Book Shoppe.
   298 | D        | Found Xeav's Antique Armour Emporium.
   300 | D        | Noticed a soldier ant
   300 | D        | Noticed a soldier ant
   303 | D        | Noticed a soldier ant
   311 | D        | Killed Menkaure
   311 | D        | Reached XP level 8. HP: 83/83 MP: 7/7
   324 | D        | Noticed a death yak
   341 | D        | Bought a potion of heal wounds for 55 gold pieces
   355 | D        | Bought a scroll of magic mapping for 49 gold pieces
   379 | D        | Noticed an obsidian statue
   392 | D        | Gained mutation: You tend to lose your temper in combat. [a neqoxec]
   523 | D        | Found a shimmering altar of Xom.
   524 | D        | Noticed a crocodile
   524 | D        | Found a bloodstained altar of Trog.
   524 | D        | Found a corrupted altar of Lugonu.
   524 | D        | Found a white marble altar of Elyvilon.
   530 | D        | Killed a crocodile
   553 | D        | Found a stormy altar of Qazlal.
   553 | D        | Found an iron altar of Okawaru.
   553 | D        | Found an ancient bone altar of Kikubaaqudgha.
   554 | D        | Found a sparkling altar of Nemelex Xobeh.
   554 | D        | Found a radiant altar of Vehumet.
   554 | D        | Found a glowing silver altar of Zin.
   555 | D        | Found a deep blue altar of Sif Muna.
   555 | D        | Found a blossoming altar of Fedhas.
   555 | D        | Found a shadowy altar of Dithmenos.
   556 | D        | Found a viscous altar of Jiyva.
   556 | D        | Found a glowing golden altar of the Shining One.
   558 | D        | Found a sacrificial altar of Ru.
   558 | D        | Found an opulent altar of Gozag.
   558 | D        | Found a roughly hewn altar of Beogh.
   558 | D        | Found a burning altar of Makhleb.
   558 | D        | Noticed a wasp
   558 | D        | Noticed a polar bear
   559 | D        | Noticed a polar bear
   559 | D        | Noticed a polar bear
   559 | D        | Found a basalt altar of Yredelemnul.
   559 | D        | Found a snail-covered altar of Cheibriados.
   559 | D        | Noticed a yaktaur
   562 | D        | Became a worshipper of Trog the Wrathful
   565 | D        | Noticed a crocodile
   565 | D        | Noticed a crocodile
   582 | D        | Killed a polar bear
   583 | D        | Killed a yaktaur
   585 | D        | Killed a wasp
   585 | D        | Acquired Trog's first power
   589 | D        | Killed a polar bear
   589 | D        | Reached skill level 9 in Throwing
   592 | D        | Slain by a polar bear

Vault maps used:
D:        the_violet_keep_of_menkaure

Action                   |  1- 3 |  4- 6 |  7- 9 || total
-------------------------+-------+-------+-------++-------
Melee: Unarmed           |     7 |    14 |    45 ||    66
Throw: Large rock        |       |     5 |    13 ||    18
       Throwing net      |       |       |     2 ||     2
Invok: Berserk           |       |       |     1 ||     1
  Use: Potion            |     1 |       |       ||     1
       Scroll            |       |       |     1 ||     1
  Eat: Chunk             |       |     1 |     6 ||     7
       Bread ration      |       |       |     1 ||     1
